 Dungeon Crawl Stone Soup version 0.32-a0-768-g0f6f1dd4b9 (webtiles) character file.

Game seed: 17871126017265363811

140 Alarak the Conjurer (level 5, -13/27 (28) HPs)
             Began as a Deep Elf Earth Elementalist on Mar 18, 2024.
             Mangled by a kobold
             ... wielding a +2 dagger of electrocution
              (17 damage)
             ... on level 3 of the Dungeon.
             The game lasted 00:07:01 (2847 turns).

Alarak the Conjurer (Deep Elf Earth Elementalist)   Turns: 2847, Time: 00:07:02

HP:   -13/27 (28)   AC:  2    Str:  5    XL:     5   Next: 2%
MP:   4/13          EV: 12    Int: 22    God:
Gold: 136           SH:  0    Dex: 21    Spells: 11/12 levels left

rFire   . . .        e - +1 short sword (venom)
rCold   . . .        (no shield)
rNeg    + . .        a - +0 robe
rPois   .            (no helmet)
rElec   .            (no cloak)
rCorr   .            (no gloves)
SInv    .            (no boots)
Will    .....        (no amulet)
Stlth   ++           i - +6 ring of dexterity
HPRegen 0.24/turn    m - ring of positive energy
MPRegen 0.13/turn

%: no passive effects
@: lightly drained
A: no striking features
a: no special abilities


You were on level 3 of the Dungeon.
You visited 1 branch of the dungeon, and saw 3 of its levels.

You collected 136 gold pieces.

Inventory:

Hand Weapons
 e - a +1 short sword of venom (weapon)
Armour
 a - a +0 robe (worn)
Jewellery
 i - a +6 ring of dexterity (left hand)
 m - a ring of positive energy (right hand)
Scrolls
 c - a scroll of noise {unknown}
 f - a scroll of amnesia {unknown}
 j - a scroll of brand weapon {unknown}
 l - a scroll of teleportation {unknown}
Potions
 b - a potion of magic
 d - a potion of curing
 g - a potion of resistance
 h - a potion of lignification {unknown}
 k - a potion of heal wounds {unknown}
 n - a potion of degeneration {unknown}
 o - a potion of might {unknown}
 p - a potion of haste {unknown}
 q - 2 potions of attraction {unknown}


   Skills:
 - Level 2.4 Dodging
 - Level 2.4 Stealth
 - Level 4.0 Spellcasting
 + Level 4.9 Conjurations
 - Level 3.2 Earth Magic


You had 11 spell levels left.
You knew the following spells:

 Your Spells              Type           Power      Damage    Failure   Level
a - Sandblast             Erth           36%        2d10      3%          1

Your spell library contained the following spells:

 Spells                   Type           Power      Damage    Failure   Level
 Stone Arrow              Conj/Erth      44%        3d9       6%          3
 Passwall                 Erth           18%        N/A       9%          3
 Cigotuvi's Dreadful Rot  Necr/Alch/Air  8%         N/A       17%         2
 Brom's Barrelling Bould  Conj/Erth      22%        2d4       21%         4
 Petrify                  Alch/Erth      11%        N/A       50%         4
 Ignite Poison            Fire/Alch      4%         N/A       73%         4
 Freezing Cloud           Conj/Ice/Air   5%         6-21      85%         5


Dungeon Overview and Level Annotations

Branches:
Dungeon (3/15)

Altars:
Makhleb
Xom
Yredelemnul

Shops:
D:1 *


Message History

The kobold barely misses you.
Casting: Sandblast (safe; 3% risk of failure)
Confirm with . or Enter, or press ? or * to list all spells.
Aiming: Sandblast (safe; 3% risk of failure)
Press: ? - help, Shift-Dir - straight line, f - kobold
Aim: a kobold, wielding a +0 short sword of chaos (77% to hit)
The blast of sand hits the kobold!
You kill the kobold!
You feel very sick.
The kobold hits you with a +2 dagger of electrocution.
* * * LOW HITPOINT WARNING * * *
The kobold barely misses you.
You feel better. The kobold barely misses you.
Casting: Sandblast (safe; 3% risk of failure)
Confirm with . or Enter, or press ? or * to list all spells.
Aiming: Sandblast (safe; 3% risk of failure)
Press: ? - help, Shift-Dir - straight line, f - kobold
Aim: a kobold, wielding a +2 dagger of electrocution and wearing a +0 chain mail (82% to hit)
The blast of sand hits the kobold but does no damage.
The kobold barely misses you.
Casting: Sandblast (safe; 3% risk of failure)
Confirm with . or Enter, or press ? or * to list all spells.
Aiming: Sandblast (safe; 3% risk of failure)
Press: ? - help, Shift-Dir - straight line, f/p - kobold
Aim: a kobold, wielding a +2 dagger of electrocution and wearing a +0 chain mail (82% to hit)
The blast of sand hits the kobold but does no damage.
The kobold misses you.
The kobold hits you with a +2 dagger of electrocution.
Casting: Sandblast (safe; 3% risk of failure)
Confirm with . or Enter, or press ? or * to list all spells.
Aiming: Sandblast (safe; 3% risk of failure)
Press: ? - help, Shift-Dir - straight line, f/p - kobold
Aim: a kobold, wielding a +2 dagger of electrocution and wearing a +0 chain mail (82% to hit)
The blast of sand hits the kobold.
The kobold is severely wounded.
The kobold hits you with a +2 dagger of electrocution.
* * * LOW HITPOINT WARNING * * *
You are electrocuted!
Ouch! That really hurt!
You die...

...##### #.######)≈.#
.......#########.##...#.≈.#
##.##..##..........###..§§#######
##.##..##.######..#####..........
...##..#### #..#...#........##
###...)# #.# ###........##......
#.#.## ##.. #..........#......#
#..### .§...###..............##
#.##.##..§§).)@.#..(#.........#
###.#..§##§§)..)K...#............
#...#..§K.§§..#####.#.######...#.
..#.#..§##§§. #####...# ##.##.
#.#.##.###§. #..###.## #<##.
#.#.# ## #. ##.###.########....
#.#.# # ### #.................
#.#.# #.###..###########....
#.#.# #......# #....


You could see a kobold.

Vanquished Creatures
  4 gnolls (D:3)
  3 adders
  2 dart slugs
  7 orcs
  5 ball pythons
  5 bats
  4 endoplasms
  2 giant cockroaches (D:1)
  7 goblins
  3 hobgoblins (D:1)
  11 kobolds
  A quokka (D:1)
  3 frilled lizards
  6 rats
63 creatures vanquished.

Notes
Turn   | Place    | Note
-------+----------+-------------------------------------------
     0 | D:1      | Alarak the Deep Elf Earth Elementalist began the quest for
                  | the Orb.
     0 | D:1      | Reached XP level 1. HP: 10/10 MP: 6/6
     0 | D:1      | Upgraded the game from 0.32-a0-747-gc8563f6773 to
                  | 0.32-a0-768-g0f6f1dd4b9
   182 | D:1      | Found Ceimih's Assorted Antiques.
   344 | D:1      | Reached XP level 2. HP: 15/15 MP: 7/9
  1214 | D:2      | Reached XP level 3. HP: 19/19 MP: 8/10
  1357 | D:2      | Found a basalt altar of Yredelemnul.
  2037 | D:3      | Found a burning altar of Makhleb.
  2162 | D:3      | Found a large runed translucent door.
  2163 | D:3      | Found a large runed translucent door.
  2164 | D:3      | Found a shimmering altar of Xom.
  2204 | D:3      | Reached XP level 4. HP: 24/24 MP: 10/12
  2839 | D:3      | Reached XP level 5. HP: 28/28 MP: 11/13
  2847 | D:3      | Mangled by a kobold

Illustrated notes

Levels and vault maps discovered:
D:1:      dpeg_arrival_castle, layout_loops_corners, serial_shops,
          nicolae_shop_tiny_real_fake_doors, st_stairs_7
D:2:      layout_rooms, basic_altar, lemuel_flame_loot_1
D:3:      due_chaos_kobolds, layout_loops_ring, mainiacjoe_overflow_boulevard

Skill      XL: |  1  2  3  4 |
---------------+-------------+-----
Spellcasting   | 4 |  4.0
Conjurations   | 2 3 4 |  4.9
Dodging        | |  2.4
Stealth        | |  2.4
Earth Magic    | |  3.2

Action                     |  1- 3 |  4- 6 || total
---------------------------+-------+-------++-------
  Melee: Short sword       |     1 |       ||     1
   Cast: Sandblast         |    65 |    33 ||    98
    Use: Scroll            |     3 |       ||     3
         Potion            |       |     1 ||     1
 Armour: Robe              |    12 |    11 ||    23
  Dodge: Dodged            |    16 |     8 ||    24

Table legend: (Time is in decaauts)
 A = Elapsed time spent in this place.
 B = Non-inter-level travel time spent in this place.
 C = Inter-level travel time spent in this place.
 D = Time resting spent in this place.
 E = Time spent auto-exploring this place.
 F = Levels seen in this place.
 G = Mean time per level.
                   A        B        C        D        E       F      G
               +--------+--------+--------+--------+--------+-----+--------+
         Total |   2901 |   2765 |    136 |    151 |   2146 |   3 |  967.0 |
       Dungeon |   2901 |   2765 |    136 |    151 |   2146 |   3 |  967.0 |
               +--------+--------+--------+--------+--------+-----+--------+

Top non-repeatable levels by time:
     D:1: 1182 daAuts
     D:3: 887 daAuts
     D:2: 831 daAuts
